 Dungeon Crawl Stone Soup version 0.27.1-3-gb3d3a73c9e (webtiles) character file.

Game seed: 3497887296321816183

75 Atelerd the Digger (level 4, 0/27 HPs)
             Began as an Octopode Earth Elementalist on Oct 31, 2021.
             Was an Initiate of Sif Muna.
             Slain by an orc (7 damage)
             ... on level 3 of the Dungeon.
             The game lasted 00:02:33 (3392 turns).

Atelerd the Digger (Octopode Earth Elementalist)    Turns: 3392, Time: 00:02:34

Health: 0/27       AC:  1    Str:  7    XL:     4   Next: 31%
Magic:  7/8        EV: 13    Int: 18    God:    Sif Muna [......]
Gold:   56         SH:  0    Dex: 12    Spells: 7/8 levels left

rFire    . . .     SeeInvis .   d - +0 dagger
rCold    . . .     Faith    .   (no shield)
rNeg     . . .     Spirit   .   (helmet restricted)
rPois    .         Reflect  .   (no amulet)
rElec    .         Harm     .   (no ring)
rCorr    .         Rampage  .   (no ring)
Will     .....                  (no ring)
Stlth    +++.......             (no ring)
HPRegen  0.09/turn              (no ring)
MPRegen  0.11/turn              (no ring)
                                (no ring)
                                (no ring)

@: no status effects
A: almost no armour, amphibious, 8 rings, camouflage 1, gelatinous body 1,
(nimble swimmer 1), tentacles
a: Renounce Religion


You were on level 3 of the Dungeon.
You worshipped Sif Muna.
Sif Muna was noncommittal.
You visited 1 branch of the dungeon, and saw 3 of its levels.

You collected 56 gold pieces.

Inventory:

Hand Weapons
 d - a +0 dagger (weapon)
Missiles
 b - 96 stones
 h - a throwing net
Scrolls
 c - a scroll of acquirement {unknown}
 e - 2 scrolls of teleportation {unknown}
 f - 2 scrolls of identify {unknown}
Potions
 a - a potion of lignification {unknown}
 g - a potion of heal wounds {unknown}
 i - a potion of flight {unknown}
 j - a potion of mutation {unknown}
 k - 2 potions of magic {unknown}


   Skills:
 - Level 2.0 Dodging
 - Level 2.6 Stealth
 + Level 2.9 Spellcasting
 + Level 2.3 Transmutations
 + Level 3.7 Earth Magic


You had 7 spell levels left.
You knew the following spells:

 Your Spells              Type           Power      Damage    Failure   Level
a - Sandblast             Erth           32%        2d9       3%          1

Your spell library contained the following spells:

 Spells                   Type           Power      Damage    Failure   Level
 Passwall                 Tmut/Erth      10%        N/A       7%          2
 Stone Arrow              Conj/Erth      18%        3d8       22%         3
 Petrify                  Tmut/Erth      13%        N/A       43%         4


Dungeon Overview and Level Annotations

Branches:
Dungeon (3/15)

Altars:
Sif Muna

Annotations:
D:3 3 runed translucent doors


Innate Abilities, Weirdness & Mutations

You cannot wear most types of armour.
You are amphibious.
You can wear up to eight rings at the same time.
Your skin changes colour to match your surroundings (Stealth+).
Your rubbery body absorbs attacks. (AC +1, EV +1)
((You are camouflaged near water. (Stealth+)))
You have tentacles for arms and can constrict up to eight enemies at once.


Message History

The orc is lightly wounded.
You constrict the orc. The orc hits you with a +0 flail!
You hit the orc but do no damage.
The orc is moderately wounded.
You constrict the orc. The orc hits you with a +0 flail!
There are monsters nearby!
There are monsters nearby!
You are too injured to fight recklessly!
You are too injured to fight recklessly!
You are too injured to fight recklessly!
You are too injured to fight recklessly!
You are too injured to fight recklessly!
You release your grip on the orc.
Found a short sword.
The orc hits you with a +0 flail!
* * * LOW HITPOINT WARNING * * *
Found a rapier.
A rat comes into view.
You see here a +0 rapier.
Found a mace.
An orc comes into view. It is wielding a +0 mace.
The orc shouts!
The orc hits you with a +0 mace.
* * * LOW HITPOINT WARNING * * *
The orc closely misses you.
There is a stone staircase leading down here.
The orc hits you with a +0 mace.
* * * LOW HITPOINT WARNING * * *
The orc shouts!
You hit the orc. Your grab misses the orc.
The orc is heavily wounded.
The orc misses you. The orc barely misses you.
You are too injured to fight recklessly!
Casting: Sandblast (safe; 3% risk of failure)
Confirm with . or Enter, or press ? or * to list all spells.
Aiming: Sandblast (safe; 3% risk of failure)
Press: ? - help, Shift-Dir - straight line, f - orc
Aim: an orc, wielding a +0 flail (heavily wounded, 79% to hit)
The blast of sand misses the orc.
The orc misses you. The orc hits you with a +0 flail!
You die...

####. #.# #o# # #.#
# #o# # #.# # #.#
#####.# # #.#
#.....# ## #.#
#######.#####
.###.### #.@o....#
.......######
#o#######
.#..........# #o#
............###.#
#.......[...##..##
#.##'#.#.#.#.#.#.##
#..#.#.#..........#
##.#.#.#.#.##+##.##
#.#)#.#...#...#..#


You could see 3 orcs.

Vanquished Creatures
  3 adders
  A dart slug (D:2)
  An orc (D:3)
  6 endoplasms
  A giant cockroach (D:1)
  6 goblins
  2 hobgoblins
  3 jackals (D:1)
  7 kobolds
  A quokka (D:1)
  3 ball pythons (D:1)
  2 bats
  4 frilled lizards
  4 rats
44 creatures vanquished.

Notes
Turn   | Place    | Note
-------+----------+-------------------------------------------
     0 | D:1      | Atelerd the Octopode Earth Elementalist began the quest for
                  | the Orb.
     0 | D:1      | Reached XP level 1. HP: 11/11 MP: 3/3
   300 | D:1      | Reached XP level 2. HP: 17/17 MP: 3/5
  1295 | D:2      | Reached XP level 3. HP: 21/21 MP: 6/6
  1341 | D:2      | You fall into a shaft and drop 1 floor!
  2475 | D:2      | Reached XP level 4. HP: 19/27 MP: 8/8
  2864 | D:3      | Found a runed translucent gate.
  2864 | D:3      | Found a runed translucent gate.
  2864 | D:3      | Found a runed translucent gate.
  2943 | D:3      | Found a shimmering blue altar of Sif Muna.
  3006 | D:3      | Became a worshipper of Sif Muna the Loreminder
  3392 | D:3      | Slain by an orc

Illustrated notes

Levels and vault maps discovered:
D:1:      lightli_arrival_statuegarden, layout_basic, minmay_misc_feat_x
D:2:      layout_loops_ring
D:3:      layout_basic, mainiacjoe_overflow_brackets,
          gammafunk_ghost_necromancy, hellmonk_ecumenical_altar_heavens_door,
          minmay_misc_feat_doors

Skill      XL: |  1  2  3 |
---------------+----------+-----
Transmutations | 2 |  2.3
Dodging        | |  2.0
Stealth        | |  2.6
Spellcasting   | |  2.9
Earth Magic    | |  3.7

Action                   |  1- 3 |  4- 6 || total
-------------------------+-------+-------++-------
Melee: Unarmed           |    20 |       ||    20
       Constrict         |    15 |     3 ||    18
       Dagger            |    34 |    10 ||    44
       Tentacles         |     5 |     3 ||     8
 Cast: Sandblast         |    22 |    10 ||    32
 Stab: Sleeping          |    10 |     2 ||    12
Armor: Skin              |     2 |     1 ||     3
Dodge: Dodged            |    36 |     7 ||    43
